AoeStats
← Outsider

Arabia

506423213Analyzed
1v1 RM · 20d ago on Sep 13, 2026· 27m 32s· 2 players
Game mode
Random Map
Map size
Tiny (2 player)
Population
200
Speed
Normal
Resources
Standard
Victory
Conquest
Starting age
Dark Age
Ending age
Imperial Age
RankedLock teamsTeams togetherTeam positionsShared explorationLock speedFull tech treeHidden civsTurbo modeCheats
Victory
Defeat
🇨🇦 Magyars · Canada
904
+15
🇦🇺 Chinese · Australia
886
-18
Outsider
0:42 Loom
9:59 Feudal Age
11:04 Double-Bit Axe
16:01 Fletching
18:20 Padded Archer Armor
22:23 Forging
25:05 Castle Age
24:41 Wheelbarrow
23:50 Horse Collar
25:10 Pikeman
26:44 Squires
27:32 Scale Mail Armor
kimposiblle.07
6:13 Loom
9:18 Feudal Age
10:04 Double-Bit Axe
15:30 Wheelbarrow
21:04 Castle Age
20:16 Gold Mining
Connection lost

Rejoining the realm…

Still unreachable

The connection could not be restored.

Session expired

The server has moved on; the page needs a fresh start.